 Dungeon Crawl Stone Soup version 0.30-a0-335-ge5acde7520 (webtiles) character file.

Game seed: 11252774288951386124

30 jlumianski the Trooper (level 3, 0/25 (29) HPs)
             Began as a Demonspawn Fighter on Oct 30, 2022.
             Slain by a kobold
             ... wielding a +2 whip of draining
              (1 damage)
             ... on level 2 of the Dungeon.
             The game lasted 00:03:51 (1065 turns).

jlumianski the Trooper (Demonspawn Fighter)         Turns: 1065, Time: 00:03:51

HP:   0/25 (29)     AC: 13    Str: 18    XL:     3   Next: 5%
MP:   3/3           EV:  5    Int:  9    God:
Gold: 61            SH:  4    Dex: 12    Spells: 2/2 levels left

rFire   . . .      SeeInvis .    a - +0 war axe
rCold   . . .      Faith    .    c - +0 buckler
rNeg    . . .      Spirit   .    f - +0 plate armour
rPois   .          Reflect  .    (helmet restricted)
rElec   .          Harm     .    (no cloak)
rCorr   .          Rampage  .    l - +1 pair of gloves
Will    .....                    (no boots)
Stlth   ..........               (no amulet)
HPRegen 0.24/turn                (no ring)
MPRegen 0.08/turn                (no ring)

@: mighty, heavily drained
A: horns 1
a: no special abilities


You were on level 2 of the Dungeon.
You visited 1 branch of the dungeon, and saw 2 of its levels.

You collected 61 gold pieces.

Inventory:

Hand Weapons
 a - a +0 war axe (weapon)
Armour
 b - a +0 scale mail
 c - a +0 buckler (worn)
 f - a +0 plate armour (worn)
 l - a +1 pair of gloves (worn)
Potions
 g - a potion of mutation
 j - a potion of heal wounds {unknown}


   Skills:
 + Level 3.3 Fighting
 + Level 2.2 Axes
 + Level 3.1 Armour
 + Level 2.9 Shields


You had 2 spell levels left.
You didn't know any spells.
Your spell library was empty.

Dungeon Overview and Level Annotations

Branches:
Dungeon (2/15)

Altars:
Makhleb

Annotations:
D:2 Sigmund


Innate Abilities, Weirdness & Mutations

You have a pair of small horns on your head.


Message History

The dart slug is heavily wounded.
The dart slug bites you but does no damage.
You hit the dart slug.
You kill the dart slug!
You barely miss the worm. The worm bites you.
You hit the worm.
You headbutt the worm, but do no damage.
The worm is lightly wounded.
The worm bites you.
You slash the worm!
The worm is severely wounded.
A kobold comes into view. It is wielding a +2 whip of draining.
The worm bites you!
The kobold shouts!
You slash the worm!
You kill the worm!
The kobold throws a stone.
The stone hits you but does no damage.
You have reached level 3!
Your experience leads to an increase in your attributes!
Increase (S)trength, (I)ntelligence, or (D)exterity?
You feel stronger. x2
Things that are here:
a +0 club; a dart slug corpse The kobold throws a stone.
The stone barely misses you.
The kobold throws a stone.
The stone hits you but does no damage.
You closely miss the kobold.
The kobold hits you with a +2 whip of draining.
You feel drained.
You barely miss the kobold.
You headbutt the kobold, but do no damage.
The kobold hits you with a +2 whip of draining.
* * * LOW HITPOINT WARNING * * *
You feel drained.
* * * LOW HITPOINT WARNING * * *
You block the kobold's attack.
You feel very mighty all of a sudden.
The kobold hits you with a +2 whip of draining.
* * * LOW HITPOINT WARNING * * *
You feel drained.
You die...

#♣♣♣♣♣P.~♣♣♣♣♣.#
###P~♣♣P~~.PP♣♣♣.#
#...~~~~~~~~~.~..#
#.#♣♣~♣♣~.~P♣P♣♣.#
#.# ♣♣♣♣♣~♣♣♣♣♣♣.#
#)# ♣~~~♣♣<.#.#
#.#+#######.#
♣P~♣♣♣....#
#.........†.#
♣~~♣♣...###
w..........K@#
♣P.~♣.†.###
#.#..........#
#..........
#..........#
#...PP.P...
#..........#
##.~~PP~P...
#..........#
#~..PP~~....
#..........#
PPPP~♣~~~~...
#..!........
PP♣~~~P~~...#
#####.PP.
~♣~~PPP..#...
♣PPPP###.#.##


You could see a kobold.

Vanquished Creatures
  A worm (D:2)
  A dart slug (D:2)
  2 ball pythons (D:2)
  3 endoplasms
  2 giant cockroaches
  A goblin (D:1)
  A quokka (D:1)
  6 bats
  4 frilled lizards
  2 kobolds
  2 rats (D:2)
25 creatures vanquished.

Vanquished Creatures (others)
  15 plants (D:2)
15 creatures vanquished.

Grand Total: 40 creatures vanquished

Notes
Turn   | Place    | Note
-------+----------+-------------------------------------------
     0 | D:1      | jlumianski the Demonspawn Fighter began the quest for the
                  | Orb.
     0 | D:1      | Reached XP level 1. HP: 18/18 MP: 1/1
   343 | D:1      | Discovered your monstrous ancestry.
   343 | D:1      | Gained mutation: You have a pair of small horns on your
                  | head. [demonic ancestry]
   343 | D:1      | Reached XP level 2. HP: 24/24 MP: 2/2
   399 | D:2      | Noticed Sigmund
   649 | D:2      | Found a burning altar of Makhleb.
   711 | D:1      | Found a faded altar of an unknown god.
  1059 | D:2      | Reached XP level 3. HP: 12/29 MP: 3/3
  1065 | D:2      | HP: 1/27 [kobold/+2 whip of draining (2)]
  1065 | D:2      | Slain by a kobold

Illustrated notes

Levels and vault maps discovered:
D:1:      matt_arrival_debris, layout_loops_corners,
          hellmonk_ecumenical_altar_inner_sanctum
D:2:      minmay_evil_eye, layout_basic, basic_altar, serial_bayou,
          serial_bayou_lagoon_a, serial_bayou_crossing, serial_bayou_shore_b,
          serial_bayou_pond_b, due_unseen_surprise, uniq_sigmund, uniq_natasha,
          uniq_crazy_yiuf_cottage

Skill      XL: |  1  2 |
---------------+-------+-----
Axes           | 2 |  2.2
Armour         | 3 |  3.1
Fighting       | |  3.3
Shields        | |  2.9

Action                   || total
-------------------------++-------
Melee: War axe           ||    64
       Headbutt          ||     7
  Use: Scroll            ||     4
       Potion            ||     1
Armor: Plate armour      ||    64
       Scale mail        ||     4
Dodge: Dodged            ||    14
Block: Buckler           ||    12

Table legend: (Time is in decaauts)
 A = Elapsed time spent in this place.
 B = Non-inter-level travel time spent in this place.
 C = Inter-level travel time spent in this place.
 D = Time resting spent in this place.
 E = Time spent auto-exploring this place.
 F = Levels seen in this place.
 G = Mean time per level.
                   A        B        C        D        E       F      G
               +--------+--------+--------+--------+--------+-----+--------+
         Total |   1105 |   1050 |     55 |      0 |    714 |   2 |  552.5 |
       Dungeon |   1105 |   1050 |     55 |      0 |    714 |   2 |  552.5 |
               +--------+--------+--------+--------+--------+-----+--------+

Top non-repeatable levels by time:
     D:1: 928 daAuts
     D:2: 176 daAuts
